 Dungeon Crawl Stone Soup version 0.32-a0-131-g9dbbe29261 (webtiles) character file.

Game seed: 5681123736004330436

13 Dittersdorf the Covered (level 2, 0/19 HPs)
             Began as a Gargoyle Fighter on Feb 8, 2024.
             Slain by a quokka (4 damage)
             ... on level 1 of the Dungeon.
             The game lasted 00:00:21 (179 turns).

Dittersdorf the Covered (Gargoyle Fighter)           Turns: 179, Time: 00:00:22

Health: 0/19       AC:  9    Str: 19    XL:     2   Next: 37%
Magic:  2/2        EV:  9    Int:  8    God:
Gold:   43         SH:  4    Dex:  9    Spells: 1/1 levels left

rFire   . . .        a - +0 flail
rCold   . . .        c - +0 buckler
rNeg    + . .        b - +0 scale mail
rPois   ∞            (no helmet)
rElec   +            (no cloak)
rCorr   .            (no gloves)
SInv    .            (no boots)
Will    .....        (no amulet) Stlth
                     (no ring)
HPRegen 0.23/turn    (no ring)
MPRegen 0.08/turn

%: no passive effects
@: no status effects
A: sickness immunity, AC +2, negative energy resistance 1, electricity
resistance, torment resistance 1, petrification resistance
a: no special abilities


You were on level 1 of the Dungeon.
You visited 1 branch of the dungeon, and saw 1 of its levels.

You collected 43 gold pieces.

Inventory:

Hand Weapons
 a - a +0 flail (weapon)
Armour
 b - a +0 scale mail (worn)
 c - a +0 buckler (worn)
Scrolls
 e - 2 scrolls of torment {unknown}
Potions
 d - a potion of might


   Skills:
 + Level 3.5 Fighting
 + Level 2.2 Maces & Flails
 + Level 3.5 Armour
 + Level 3.5 Shields


You had one spell level left.
You didn't know any spells.
Your spell library was empty.

Dungeon Overview and Level Annotations

Branches:
Dungeon (1/15)

Altars:


Innate Abilities, Weirdness & Mutations

You are immune to sickness and miasma.
Your stone body is resilient. (AC +2)
You are immune to poison.
You resist negative energy. (rN+)
You are resistant to electric shocks. (rElec)
You are resistant to unholy torment.
You are immune to petrification.


Message History

The endoplasm attacks as it pursues you!
The endoplasm hits you but does no damage.
The jackal bites you but does no damage.
The jackal attacks as it pursues you! The jackal barely misses you.
The jackal attacks as it pursues you! The jackal barely misses you.
The jackal barely misses you.
The jackal bites you but does no damage.
There is an open door here.
The jackal attacks as it pursues you! The jackal closely misses you.
The jackal attacks as it pursues you!
The jackal bites you but does no damage.
You block the jackal's attack.
There is an open door, spattered with blood here.
Things that are here:
a rat corpse; a jackal corpse; a jackal corpse You block the jackal's attack.
The jackal attacks as it pursues you! The jackal barely misses you.
You miss the jackal.
The jackal bites you but does no damage. x2
You barely miss the jackal.
The jackal bites you but does no damage. x2
You hit the jackal.
The jackal is moderately wounded.
The jackal bites you but does no damage.
You block the jackal's attack.
You completely miss the jackal.
The jackal is moderately wounded.
The jackal bites you.
* * * LOW HITPOINT WARNING * * *
You sock the jackal!
You kill the jackal!
You block the quokka's attack.
You hit the quokka.
The quokka is almost dead.
You block the quokka's attack.
You closely miss the quokka.
The quokka is almost dead.
The quokka bites you but does no damage.
The quokka bites you.
You die...

###### .....# .....#
.....##############
.....'............########
.....############.##.....# ...###
#....#........#
....########....####g....#####
....'.........).@rbKJ.........
....################h....###.....
....# #....(# ..... ....# ###'###
..... ##### #JK## .....
##..###..... ##..g#.....
###....... ##.†....


You could see a gnoll, an endoplasm, a quokka, a jackal, a bat and a kobold.

Vanquished Creatures
  3 ball pythons (D:1)
  2 bats (D:1)
  A goblin (D:1)
  4 jackals (D:1)
  2 rats (D:1)
12 creatures vanquished.

Notes
Turn   | Place    | Note
-------+----------+-------------------------------------------
     0 | D:1      | Dittersdorf the Gargoyle Fighter began the quest for the
                  | Orb.
     0 | D:1      | Reached XP level 1. HP: 14/14 MP: 1/1
   125 | D:1      | Reached XP level 2. HP: 17/19 MP: 2/2
   179 | D:1      | Slain by a quokka

Illustrated notes

Levels and vault maps discovered:
D:1:      elethiomel_arrival_quiet, layout_basic, nrook_campfire

Action                     || total
---------------------------++-------
  Melee: Flail             ||    37
 Armour: Scale mail        ||    67
  Dodge: Dodged            ||    27
  Block: Buckler           ||    19

Table legend: (Time is in decaauts)
 A = Elapsed time spent in this place.
 B = Non-inter-level travel time spent in this place.
 C = Inter-level travel time spent in this place.
 D = Time resting spent in this place.
 E = Time spent auto-exploring this place.
 F = Levels seen in this place.
 G = Mean time per level.
                   A        B        C        D        E       F      G
               +--------+--------+--------+--------+--------+-----+--------+
         Total |    190 |    190 |      0 |      0 |    105 |   1 |  190.0 |
       Dungeon |    190 |    190 |      0 |      0 |    105 |   1 |  190.0 |
               +--------+--------+--------+--------+--------+-----+--------+

Top non-repeatable levels by time:
     D:1: 190 daAuts
